MID
HARTFORD YARD GOATS @ BINGHAMTON METS
08/20/2045
 
TOP OF THE 1ST
Hartford Yard Goats batting - Pitching for Binghamton Mets : LHP Steve Lewis
Pitching: LHP Steve Lewis
Batting: LHB Glenn Lowther 0-0: Ball
1-0: Foul Ball, location: 2F
1-1: Ground out 6-3 (Groundball, 56D, EV 98.8 MPH)
Batting: RHB Eric Garrett 0-0: Ball
1-0: Called Strike
1-1: Ball
2-1: Foul Ball, location: 2F
2-2: Foul Ball, location: 2F
2-2: Strikes out looking
Batting: RHB Tyler Stebbins 0-0: Foul Ball, location: 2F
0-1: Ball
1-1: Ball
2-1: Foul Ball, location: 2F
2-2: Ball
3-2: Ground out 6-3 (Groundball, 6, EV 93.1 MPH)
Top of the 1st over - 0 runs, 0 hits, 0 errors, 0 left on base; Hartford 0 - Binghamton 0
BOTTOM OF THE 1ST
Binghamton Mets batting - Pitching for Hartford Yard Goats : RHP Gabe Stokes
Pitching: RHP Gabe Stokes
Batting: RHB Ben Herman 0-0: Ground out U3 (Groundball, 34, EV 83.1 MPH)
Batting: LHB Bayesa Mundhir 0-0: Ball
1-0: Foul Ball, location: 2F
1-1: Swinging Strike
1-2: Ball
2-2: Foul Ball, location: 2F
2-2: Strikes out swinging, 2-3 out at first.
Batting: RHB Bobby Mabrey 0-0: Foul Ball, location: 2F
0-1: Ball
1-1: Fly out, F7 (Flyball, 7LS, EV 94.4 MPH)
Bottom of the 1st over - 0 runs, 0 hits, 0 errors, 0 left on base; Hartford 0 - Binghamton 0
TOP OF THE 2ND
Hartford Yard Goats batting - Pitching for Binghamton Mets : LHP Steve Lewis
Batting: RHB Bryce Hickman 0-0: Ground out 5-3 (Groundball, 25, EV 80.0 MPH)
Batting: LHB Jeremy Brammer 0-0: Ball
1-0: Ground out U3 (Groundball, 3, EV 110.6 MPH)
Batting: LHB Zane Kelton 0-0: Fly out, F8 (Flyball, 78D, EV 90.0 MPH)
Top of the 2nd over - 0 runs, 0 hits, 0 errors, 0 left on base; Hartford 0 - Binghamton 0
BOTTOM OF THE 2ND
Binghamton Mets batting - Pitching for Hartford Yard Goats : RHP Gabe Stokes
Batting: SHB Julio Ramos 0-0: Ball
1-0: Called Strike
1-1: Foul Ball, location: 2F
1-2: Reached on error, E4 (Groundball, 34, EV 103.1 MPH)
Batting: RHB Gang-sheng Chew 0-0: Called Strike
0-1: Ball
1-1: Called Strike
1-2: Foul Ball, location: 2F
1-2: Strikes out looking
Batting: LHB Javy Cavazos 0-0: Fielders Choice at 2nd, 4-6 (Groundball, 4S, EV 88.8 MPH)
Batting: SHB Jerry Burrows 0-0: SINGLE (Flyball, 34D, EV 95.0 MPH)
Javy Cavazos to second
Runner from 2nd tries for 3rd, SAFE, throw by RF made to third
Batting: RHB Dave Conde 0-0: Fielders Choice at 2nd, 5-4 (Groundball, 56, EV 86.2 MPH)
Bottom of the 2nd over - 0 runs, 1 hit, 1 error, 2 left on base; Hartford 0 - Binghamton 0
TOP OF THE 3RD
Hartford Yard Goats batting - Pitching for Binghamton Mets : LHP Steve Lewis
Batting: RHB Guillermo Veronese 0-0: Called Strike
0-1: Foul Ball, location: 2F
0-2: Ball
1-2: Ball
2-2: Strikes out looking
Batting: RHB Keith Giarratano 0-0: Ball
1-0: Ball
2-0: Ball
3-0: Base on Balls
Batting: LHB Elijah Black 0-0: Ball
1-0: Foul Ball, location: 2F
1-1: Ground out U3 (Groundball, 3S, EV 65.6 MPH)
Keith Giarratano to second
Batting: LHB Glenn Lowther 0-0: Called Strike
0-1: Swinging Strike
0-2: Ball
1-2: Ground out 4-3 (Groundball, 4D, EV 102.5 MPH)
Top of the 3rd over - 0 runs, 0 hits, 0 errors, 1 left on base; Hartford 0 - Binghamton 0
BOTTOM OF THE 3RD
Binghamton Mets batting - Pitching for Hartford Yard Goats : RHP Gabe Stokes
Batting: RHB Tetsuhiro Taki 0-0: Called Strike
0-1: Ball
1-1: Foul Ball, location: 2F
1-2: Ball
2-2: Ground out 5-3 (Groundball, 5, EV 82.5 MPH)
Batting: RHB Ben Herman 0-0: Foul Ball, location: 2F
0-1: Foul Ball, location: 2F
0-2: Ball
1-2: Ground out U3 (Groundball, 3L, EV 97.5 MPH)
Batting: LHB Bayesa Mundhir 0-0: Ball
1-0: Ground out 3-1 (Groundball, 34, EV 85.6 MPH)
Bottom of the 3rd over - 0 runs, 0 hits, 0 errors, 0 left on base; Hartford 0 - Binghamton 0
TOP OF THE 4TH
Hartford Yard Goats batting - Pitching for Binghamton Mets : LHP Steve Lewis
Batting: RHB Eric Garrett 0-0: Ball
1-0: Foul Ball, location: 2F
1-1: Ground out 6-3 (Groundball, 6S, EV 82.5 MPH)
Batting: RHB Tyler Stebbins 0-0: Ground out 2-3 (Groundball, 2L, EV 75.0 MPH)
Batting: RHB Bryce Hickman 0-0: Called Strike
0-1: Ball
1-1: Ground out 5-3 (Groundball, 5, EV 110.0 MPH)
Top of the 4th over - 0 runs, 0 hits, 0 errors, 0 left on base; Hartford 0 - Binghamton 0
BOTTOM OF THE 4TH
Binghamton Mets batting - Pitching for Hartford Yard Goats : RHP Gabe Stokes
Batting: RHB Bobby Mabrey 0-0: Swinging Strike
0-1: Swinging Strike
0-2: Ground out 4-3 (Groundball, 4, EV 111.2 MPH)
Batting: SHB Julio Ramos 0-0: Fly out, F6 (Popup, 6M, EV 78.1 MPH)
Batting: RHB Gang-sheng Chew 0-0: Called Strike
0-1: Foul Ball, location: 2F
0-2: Foul Ball, location: 2F
0-2: Strikes out swinging
Bottom of the 4th over - 0 runs, 0 hits, 0 errors, 0 left on base; Hartford 0 - Binghamton 0
TOP OF THE 5TH
Hartford Yard Goats batting - Pitching for Binghamton Mets : LHP Steve Lewis
Batting: LHB Jeremy Brammer 0-0: Called Strike
0-1: Fly out, F8 (Line Drive, 8RM, EV 100.0 MPH)
Batting: LHB Zane Kelton 0-0: Ball
1-0: Fly out, F4 (Flyball, 34D, EV 83.8 MPH)
Batting: RHB Guillermo Veronese 0-0: Called Strike
0-1: Swinging Strike
0-2: Ball
1-2: Ball
2-2: Strikes out looking
Top of the 5th over - 0 runs, 0 hits, 0 errors, 0 left on base; Hartford 0 - Binghamton 0
BOTTOM OF THE 5TH
Binghamton Mets batting - Pitching for Hartford Yard Goats : RHP Gabe Stokes
Batting: LHB Javy Cavazos 0-0: Ground out U3 (Groundball, 3S, EV 78.1 MPH)
Batting: SHB Jerry Burrows 0-0: Ball
1-0: Ball
2-0: Ball
3-0: Base on Balls
Batting: RHB Dave Conde 0-0: Ball
1-0: Called Strike
1-1: Foul Ball, location: 2F
1-2: Ball
2-2: Ground out 3-1 (Groundball, 34S, EV 91.2 MPH)
Jerry Burrows to second
Batting: RHB Tetsuhiro Taki 0-0: Called Strike
0-1: Foul Ball, location: 2F
0-2: Ball
1-2: Strikes out swinging
Bottom of the 5th over - 0 runs, 0 hits, 0 errors, 1 left on base; Hartford 0 - Binghamton 0
TOP OF THE 6TH
Hartford Yard Goats batting - Pitching for Binghamton Mets : LHP Steve Lewis
Batting: RHB Keith Giarratano 0-0: Called Strike
0-1: Swinging Strike
0-2: Strikes out swinging
Batting: LHB Elijah Black 0-0: Ball
1-0: Ground out 6-3 (Groundball, 6S, EV 88.8 MPH)
Batting: LHB Glenn Lowther 0-0: Swinging Strike
0-1: Ball
1-1: Called Strike
1-2: DOUBLE (Groundball, 3L, EV 98.1 MPH)
Batting: RHB Eric Garrett 0-0: Ball
1-0: Ball
2-0: Foul Ball, location: 2F
2-1: Ball
3-1: SINGLE (Groundball, 6M, EV 106.9 MPH) (infield hit)
Glenn Lowther to third
Batting: RHB Tyler Stebbins 0-0: Ball
1-0: Foul Ball, location: 2F
1-1: Foul Ball, location: 2F
1-2: Strikes out swinging
Top of the 6th over - 0 runs, 2 hits, 0 errors, 2 left on base; Hartford 0 - Binghamton 0
BOTTOM OF THE 6TH
Binghamton Mets batting - Pitching for Hartford Yard Goats : RHP Gabe Stokes
Batting: RHB Ben Herman 0-0: Foul Ball, location: 2F
0-1: Ball
1-1: Ball
2-1: Foul Ball, location: 2F
2-2: Foul Ball, location: 2F
2-2: Ball
3-2: Base on Balls
Batting: LHB Bayesa Mundhir 0-0: Swinging Strike
0-1: DOUBLE (Line Drive, 78M, EV 90.0 MPH)
Ben Herman to third
Runner from 3rd tries for Home, SAFE, throw by CF to home
Batting: RHB Bobby Mabrey 0-0: Ball
1-0: Ball
2-0: Ball
3-0: Base on Balls
Batting: SHB Julio Ramos 0-0: Foul Ball, location: 2F
0-1: Ball
1-1: Called Strike
1-2: Strikes out swinging
Batting: RHB Gang-sheng Chew 0-0: Fly out, F9 (Flyball, 89M, EV 83.8 MPH)
Batting: LHB Javy Cavazos 0-0: Called Strike
0-1: Fielders Choice at 2nd, 5-4 (Groundball, 56, EV 85.0 MPH)
Bottom of the 6th over - 1 run, 1 hit, 0 errors, 2 left on base; Hartford 0 - Binghamton 1
TOP OF THE 7TH
Hartford Yard Goats batting - Pitching for Binghamton Mets : LHP Steve Lewis
Batting: RHB Bryce Hickman 0-0: Ball
1-0: SINGLE (Groundball, 56D, EV 96.2 MPH)
Batting: LHB Jeremy Brammer 0-0: Swinging Strike
0-1: Swinging Strike
0-2: Strikes out looking
Batting: LHB Zane Kelton 0-0: Fielders Choice at 2nd, 4-6 (Groundball, 34D, EV 98.8 MPH)
Batting: RHB Guillermo Veronese 0-0: Called Strike
0-1: Called Strike
0-2: Strikes out swinging
Top of the 7th over - 0 runs, 1 hit, 0 errors, 1 left on base; Hartford 0 - Binghamton 1
BOTTOM OF THE 7TH
Binghamton Mets batting - Pitching for Hartford Yard Goats : RHP Gabe Stokes
Batting: SHB Jerry Burrows 0-0: Called Strike
0-1: Called Strike
0-2: Foul Ball, location: 2F
0-2: Ball
1-2: Ball
2-2: Foul Ball, location: 2F
2-2: Foul Ball, location: 2F
2-2: Foul Ball, location: 2F
2-2: Ball
3-2: SINGLE (Line Drive, 4MD, EV 107.5 MPH)
Pitching: RHP Tony Barragan
Batting: RHB Dave Conde 0-0: Bunted foul
0-1: Bunt missed!
0-2: SINGLE (Groundball, 5D, EV 101.9 MPH)
Jerry Burrows to second
Batting: RHB Tetsuhiro Taki 0-0: Foul Ball, location: 2F
0-1: Sac Bunt to 23 - play at first, batter OUT! 3-4
Jerry Burrows to third
Dave Conde to second
Batting: RHB Ben Herman 0-0: Ball
1-0: Ball
2-0: Foul Ball, location: 2F
2-1: SINGLE (Groundball, 4D, EV 94.4 MPH)
Jerry Burrows scores
Dave Conde to third
Runner from 3rd tries for Home, SAFE, throw by CF to home
Ben Herman to second
Batting: LHB Bayesa Mundhir 0-0: Ball
1-0: Ball
2-0: Reached on error, E4 (Groundball, 34D, EV 91.9 MPH)
Ben Herman to third
Batting: RHB Bobby Mabrey 0-0: Foul Ball, location: 2F
0-1: Foul Ball, location: 2F
0-2: SINGLE (Flyball, 6MD, EV 94.4 MPH)
Ben Herman scores
Bayesa Mundhir to second
Batting: SHB Julio Ramos 0-0: Ball
1-0: Called Strike
1-1: Grounds into double play, 4-6-3 (Groundball, 4, EV 90.6 MPH)
Bottom of the 7th over - 3 runs, 4 hits, 1 error, 1 left on base; Hartford 0 - Binghamton 4
TOP OF THE 8TH
Hartford Yard Goats batting - Pitching for Binghamton Mets : LHP Steve Lewis
Batting: RHB Keith Giarratano 0-0: Called Strike
0-1: Ball
1-1: DOUBLE (Line Drive, 78XD, EV 102.5 MPH)
Batting: LHB Elijah Black 0-0: Ball
1-0: Called Strike
1-1: Ball
2-1: Foul Ball, location: 2F
2-2: Foul Ball, location: 2F
2-2: Foul Ball, location: 2F
2-2: Ball
3-2: Ground out 5-3 (Groundball, 56, EV 94.4 MPH)
Batting: LHB Glenn Lowther 0-0: Reached on error, E6 (Groundball, 6M, EV 81.2 MPH)
Keith Giarratano to third
Batting: RHB Eric Garrett 0-0: Ball
1-0: Called Strike
1-1: Ball
2-1: Ball
Wild Pitch!
Keith Giarratano scores
Glenn Lowther to second
3-1: Base on Balls
Pitching: RHP Francis Cornick
Now at 1B: Adam Barry
Pinch Hitting: LHB Bill McGregor 0-0: Swinging Strike
0-1: Ball
1-1: Called Strike
1-2: SINGLE (Groundball, 4MD, EV 102.5 MPH) (infield hit)
Glenn Lowther to third
Eric Garrett to second
Batting: RHB Bryce Hickman 0-0: Foul Ball, location: 2F
0-1: Ball
1-1: Grounds into fielders choice 5-2 (Groundball, 56S, EV 87.5 MPH)
Eric Garrett to third
Bill McGregor to second
Pitching: LHP Jonathan O'Donnell
Pinch Hitting: RHB Chris Tatum 0-0: Ball
1-0: Called Strike
1-1: Ball
2-1: Ball
3-1: Foul Ball, location: 2F
3-2: Foul Ball, location: 2F
3-2: Reached on error, E2 (Groundball, 15S, EV 76.9 MPH)
Eric Garrett scores
Bill McGregor scores
Bryce Hickman to third
Batting: LHB Zane Kelton 0-0: Foul Ball, location: 2F
0-1: Foul Ball, location: 2F
0-2: Foul Ball, location: 2F
0-2: Ball
1-2: Strikes out swinging
Top of the 8th over - 3 runs, 2 hits, 2 errors, 2 left on base; Hartford 3 - Binghamton 4
BOTTOM OF THE 8TH
Binghamton Mets batting - Pitching for Hartford Yard Goats : RHP Tony Barragan
Pitching: LHP Juan Vargas
Now at 1B: Brian Levensailor
Now in LF: Glenn Lowther
Now in CF: Bill McGregor
Batting: RHB Gang-sheng Chew 0-0: Swinging Strike
0-1: Ball
1-1: Ground out 5-3 (Groundball, 5, EV 91.9 MPH)
Batting: LHB Javy Cavazos 0-0: Called Strike
0-1: Ball
1-1: Swinging Strike
1-2: Fly out, F7 (Line Drive, 7D, EV 96.2 MPH)
Batting: SHB Jerry Burrows 0-0: Ball
1-0: Called Strike
1-1: Ball
2-1: SINGLE (Groundball, 56D, EV 103.8 MPH)
Batting: RHB Dave Conde 0-0: Ball
1-0: Ball
2-0: Ball
3-0: Called Strike
3-1: Called Strike
3-2: Strikes out swinging
Bottom of the 8th over - 0 runs, 1 hit, 0 errors, 1 left on base; Hartford 3 - Binghamton 4
TOP OF THE 9TH
Hartford Yard Goats batting - Pitching for Binghamton Mets : LHP Jonathan O'Donnell
Pitching: RHP Jason Vulich
Now in LF: Javy Cavazos
Now in RF: Mike Condon
Batting: RHB Guillermo Veronese 0-0: Called Strike
0-1: Ball
1-1: Foul Ball, location: 2F
1-2: Strikes out swinging
Batting: RHB Keith Giarratano 0-0: Foul Ball, location: 2F
0-1: Ball
1-1: Ball
2-1: Swinging Strike
2-2: Ball
3-2: Base on Balls
Batting: LHB Elijah Black 0-0: Ball
1-0: Ball
Wild Pitch!
Keith Giarratano to second
2-0: Foul Ball, location: 2F
2-1: Ball
3-1: Foul Ball, location: 2F
3-2: Base on Balls
Batting: LHB Glenn Lowther 0-0: Foul Ball, location: 2F
0-1: Ball
1-1: Ball
2-1: Ball
3-1: Called Strike
3-2: Foul Ball, location: 2F
3-2: Base on Balls
Keith Giarratano to third
Elijah Black to second
Batting: RHB Eric Garrett 0-0: Ball
1-0: Ball
2-0: Called Strike
2-1: Foul Ball, location: 2F
2-2: Grounds into fielders choice 5-2 (Groundball, 56S, EV 93.1 MPH)
Elijah Black to third
Glenn Lowther to second
Batting: LHB Bill McGregor 0-0: Ball
Passed Ball!
Elijah Black scores
Glenn Lowther to third
Eric Garrett to second
1-0: Intentional Walk
Batting: RHB Bryce Hickman 0-0: Swinging Strike
0-1: Foul Ball, location: 2F
0-2: Strikes out looking
Top of the 9th over - 1 run, 0 hits, 0 errors, 3 left on base; Hartford 4 - Binghamton 4
BOTTOM OF THE 9TH
Binghamton Mets batting - Pitching for Hartford Yard Goats : LHP Juan Vargas
Pitching: RHP Tye Dickinson
Batting: RHB Tetsuhiro Taki 0-0: Ball
1-0: Foul Ball, location: 2F
1-1: Foul Ball, location: 2F
1-2: Foul Ball, location: 2F
1-2: Strikes out swinging
Pinch Hitting: SHB Tadaaki Kondo 0-0: Ball
1-0: Fly out, F1 (Line Drive, P, EV 63.8 MPH)
Batting: LHB Adam Barry 0-0: Ball
1-0: Foul Ball, location: 2F
1-1: Swinging Strike
1-2: Strikes out looking
Bottom of the 9th over - 0 runs, 0 hits, 0 errors, 0 left on base; Hartford 4 - Binghamton 4
TOP OF THE 10TH
Hartford Yard Goats batting - Pitching for Binghamton Mets : RHP Jason Vulich
Pitching: RHP Iwao Machida
Now in CF: Mike Pesek
Batting: LHB Brian Levensailor 0-0: Called Strike
0-1: Ground out 1-3 (Groundball, 34S, EV 70.0 MPH)
Batting: LHB Zane Kelton 0-0: Called Strike
0-1: Foul Ball, location: 2F
0-2: Foul Ball, location: 2F
0-2: Foul Ball, location: 2F
0-2: Ball
1-2: Strikes out looking
Batting: RHB Guillermo Veronese 0-0: Foul Ball, location: 2F
0-1: Ball
1-1: Called Strike
1-2: Reached via error on a dropped throw from SS, E3 (Groundball, 6, EV 85.6 MPH)
Batting: RHB Keith Giarratano 0-0: Called Strike
0-1: Ball
1-1: Ball
2-1: SINGLE (Groundball, 34D, EV 106.9 MPH)
Guillermo Veronese to second
Runner from 2nd tries for 3rd, SAFE, throw by RF made to third
Batting: LHB Elijah Black 0-0: Swinging Strike
0-1: Foul Ball, location: 2F
0-2: Ball
1-2: Foul Ball, location: 2F
1-2: Ball
2-2: Strikes out swinging
Top of the 10th over - 0 runs, 1 hit, 1 error, 2 left on base; Hartford 4 - Binghamton 4
BOTTOM OF THE 10TH
Binghamton Mets batting - Pitching for Hartford Yard Goats : RHP Tye Dickinson
Batting: RHB Bobby Mabrey 0-0: Ball
1-0: Ball
2-0: Called Strike
2-1: Called Strike
2-2: Ball
3-2: Strikes out swinging
Batting: LHB Mike Condon 0-0: Called Strike
0-1: Ball
1-1: Ground out 4-3 (Groundball, 4, EV 91.2 MPH)
Batting: RHB Gang-sheng Chew 0-0: SINGLE (Groundball, 56D, EV 108.8 MPH)
Batting: LHB Javy Cavazos 0-0: Called Strike
0-1: Called Strike
0-2: Strikes out swinging
Bottom of the 10th over - 0 runs, 1 hit, 0 errors, 1 left on base; Hartford 4 - Binghamton 4
TOP OF THE 11TH
Hartford Yard Goats batting - Pitching for Binghamton Mets : RHP Iwao Machida
Batting: LHB Glenn Lowther 0-0: Called Strike
0-1: Ball
1-1: Foul Ball, location: 2F
1-2: Foul Ball, location: 2F
1-2: Ground out 5-3 (Groundball, 5, EV 76.2 MPH)
Batting: RHB Eric Garrett 0-0: Swinging Strike
0-1: Called Strike
0-2: Ball
1-2: Foul Ball, location: 2F
1-2: Strikes out looking
Batting: LHB Bill McGregor 0-0: Called Strike
0-1: Ball
1-1: Ball
2-1: Foul Ball, location: 2F
2-2: Ball
3-2: Foul Ball, location: 2F
3-2: SINGLE (Line Drive, 8LS, EV 105.6 MPH)
Pitching: RHP Alastair Henry
Batting: RHB Bryce Hickman 0-0: Called Strike
0-1: Ball
1-1: Ball
2-1: Ball
3-1: Fly out, F8 (Flyball, 8RM, EV 88.8 MPH)
Top of the 11th over - 0 runs, 1 hit, 0 errors, 1 left on base; Hartford 4 - Binghamton 4
BOTTOM OF THE 11TH
Binghamton Mets batting - Pitching for Hartford Yard Goats : RHP Tye Dickinson
Batting: SHB Jerry Burrows 0-0: Called Strike
0-1: Ball
1-1: Foul Ball, location: 2F
1-2: Ball
2-2: Foul Ball, location: 2F
2-2: Strikes out swinging
Batting: RHB Dave Conde 0-0: Ball
1-0: Foul Ball, location: 2F
1-1: Ground out 6-3 (Groundball, 6, EV 84.4 MPH)
Batting: RHB Tetsuhiro Taki 0-0: Foul Ball, location: 2F
0-1: Ball
1-1: Ball
2-1: Ground out 6-3 (Groundball, 6, EV 100.0 MPH)
Bottom of the 11th over - 0 runs, 0 hits, 0 errors, 0 left on base; Hartford 4 - Binghamton 4
TOP OF THE 12TH
Hartford Yard Goats batting - Pitching for Binghamton Mets : RHP Alastair Henry
Batting: LHB Brian Levensailor 0-0: Ball
1-0: Fly out, F5 (Popup, 5SF, EV 69.4 MPH)
Batting: LHB Zane Kelton 0-0: Foul Ball, location: 2F
0-1: Foul Ball, location: 2F
0-2: Ball
1-2: Strikes out swinging
Batting: RHB Guillermo Veronese 0-0: Ball
1-0: Foul Ball, location: 2F
1-1: Ball
2-1: Ground out U3 (Groundball, 34, EV 97.5 MPH)
Top of the 12th over - 0 runs, 0 hits, 0 errors, 0 left on base; Hartford 4 - Binghamton 4
BOTTOM OF THE 12TH
Binghamton Mets batting - Pitching for Hartford Yard Goats : RHP Tye Dickinson
Pitching: LHP Ryouhei Hosaka
Batting: LHB Mike Pesek 0-0: Swinging Strike
0-1: Ball
1-1: Ball
2-1: Called Strike
2-2: Strikes out looking
Batting: LHB Adam Barry 0-0: Swinging Strike
0-1: Swinging Strike
0-2: Foul Ball, location: 2F
0-2: Foul Ball, location: 2F
0-2: Ball
1-2: Ball
2-2: Strikes out swinging
Pitching: LHP Dan Ott
Batting: RHB Bobby Mabrey 0-0: Called Strike
0-1: Ball
1-1: Foul Ball, location: 2F
1-2: Ball
2-2: Ball
3-2: SINGLE (Groundball, 5D, EV 103.1 MPH)
Batting: LHB Mike Condon 0-0: Ball
1-0: Called Strike
1-1: Foul Ball, location: 2F
1-2: Foul Ball, location: 2F
1-2: Ground out 4-3 (Groundball, 34, EV 80.0 MPH)
Bottom of the 12th over - 0 runs, 1 hit, 0 errors, 1 left on base; Hartford 4 - Binghamton 4
TOP OF THE 13TH
Hartford Yard Goats batting - Pitching for Binghamton Mets : RHP Alastair Henry
Batting: RHB Keith Giarratano 0-0: Foul Ball, location: 2F
0-1: Ball
1-1: Called Strike
1-2: Ball
2-2: Foul Ball, location: 2F
2-2: Ground out 4-3 (Groundball, 34, EV 103.1 MPH)
Batting: LHB Elijah Black 0-0: Swinging Strike
0-1: Ball
1-1: Foul Ball, location: 2F
1-2: Strikes out looking
Batting: LHB Glenn Lowther 0-0: Ball
1-0: Foul Ball, location: 2F
1-1: Ball
2-1: Ball
3-1: Foul Ball, location: 2F
3-2: Foul Ball, location: 2F
3-2: Ground out U3 (Groundball, 3L, EV 83.1 MPH)
Top of the 13th over - 0 runs, 0 hits, 0 errors, 0 left on base; Hartford 4 - Binghamton 4
BOTTOM OF THE 13TH
Binghamton Mets batting - Pitching for Hartford Yard Goats : LHP Dan Ott
Batting: RHB Gang-sheng Chew 0-0: Called Strike
0-1: Ball
1-1: Foul Ball, location: 2F
1-2: Ball
2-2: Strikes out swinging
Batting: LHB Javy Cavazos 0-0: Ball
1-0: Ball
2-0: Ball
3-0: Foul Ball, location: 2F
3-1: Foul Ball, location: 2F
3-2: Base on Balls
Pitching: RHP Angelo Ayala
Batting: SHB Jerry Burrows 0-0: Ball
1-0: Swinging Strike
1-1: Swinging Strike
1-2: Ball
2-2: Foul Ball, location: 2F
2-2: Strikes out looking
Batting: RHB Dave Conde 0-0: Called Strike
0-1: Called Strike
0-2: Ball
1-2: Strikes out swinging
Bottom of the 13th over - 0 runs, 0 hits, 0 errors, 1 left on base; Hartford 4 - Binghamton 4
TOP OF THE 14TH
Hartford Yard Goats batting - Pitching for Binghamton Mets : RHP Alastair Henry
Batting: RHB Eric Garrett 0-0: Called Strike
0-1: Called Strike
0-2: Ball
1-2: Ball
2-2: Strikes out looking
Batting: LHB Bill McGregor 0-0: Ball
1-0: Ball
2-0: Called Strike
2-1: SINGLE (Groundball, 34S, EV 71.9 MPH) (infield hit)
Batting: RHB Bryce Hickman 0-0: Ball
1-0: Grounds into double play, 4-6-3 (Groundball, 4, EV 85.6 MPH)
Top of the 14th over - 0 runs, 1 hit, 0 errors, 0 left on base; Hartford 4 - Binghamton 4
BOTTOM OF THE 14TH
Binghamton Mets batting - Pitching for Hartford Yard Goats : RHP Angelo Ayala
Batting: RHB Tetsuhiro Taki 0-0: Ball
1-0: Ground out 4-3 (Groundball, 34, EV 92.5 MPH)
Batting: LHB Mike Pesek 0-0: Ball
1-0: Swinging Strike
1-1: Fly out, F9 (Flyball, 9S, EV 86.9 MPH)
Batting: LHB Adam Barry 0-0: Ball
1-0: Ball
2-0: Ball
3-0: Base on Balls
Batting: RHB Bobby Mabrey 0-0: Fielders Choice at 2nd, 5-4 (Groundball, 56D, EV 84.4 MPH)
Bottom of the 14th over - 0 runs, 0 hits, 0 errors, 1 left on base; Hartford 4 - Binghamton 4
TOP OF THE 15TH
Hartford Yard Goats batting - Pitching for Binghamton Mets : RHP Alastair Henry
Batting: LHB Brian Levensailor 0-0: Fly out, F8 (Flyball, 8LXD, EV 100.0 MPH)
Pitching: RHP Alex Sandidge
Batting: LHB Zane Kelton 0-0: Ball
1-0: Ball
2-0: Called Strike
2-1: Ball
3-1: Foul Ball, location: 2F
3-2: Strikes out looking
Batting: RHB Guillermo Veronese 0-0: SINGLE (Groundball, 56D, EV 89.4 MPH) (infield hit)
Batting: RHB Keith Giarratano 0-0: Foul Ball, location: 2F
0-1: Ball
1-1: Ball
2-1: Called Strike
2-2: Strikes out swinging
Top of the 15th over - 0 runs, 1 hit, 0 errors, 1 left on base; Hartford 4 - Binghamton 4
BOTTOM OF THE 15TH
Binghamton Mets batting - Pitching for Hartford Yard Goats : RHP Angelo Ayala
Batting: LHB Mike Condon 0-0: Ball
1-0: Ball
2-0: Ball
3-0: Base on Balls
Batting: RHB Gang-sheng Chew 0-0: Ball
1-0: Called Strike
1-1: Foul Ball, location: 2F
1-2: Ball
2-2: Strikes out swinging
Batting: LHB Javy Cavazos 0-0: Fly out, F8 (Flyball, 78M, EV 90.0 MPH)
Batting: SHB Jerry Burrows 0-0: Foul Ball, location: 2F
0-1: Called Strike
0-2: Ball
1-2: Ball
2-2: Fly out, F8 (Flyball, 8RM, EV 96.9 MPH)
Bottom of the 15th over - 0 runs, 0 hits, 0 errors, 1 left on base; Hartford 4 - Binghamton 4
TOP OF THE 16TH
Hartford Yard Goats batting - Pitching for Binghamton Mets : RHP Alex Sandidge
Batting: LHB Elijah Black 0-0: Ball
1-0: Ground out U3 (Groundball, 3S, EV 82.5 MPH)
Batting: LHB Glenn Lowther 0-0: Ball
1-0: Ground out 4-3 (Groundball, 4S, EV 81.9 MPH)
Batting: RHB Eric Garrett 0-0: Called Strike
0-1: Fly out, F8 (Flyball, 8LD, EV 96.9 MPH)
Top of the 16th over - 0 runs, 0 hits, 0 errors, 0 left on base; Hartford 4 - Binghamton 4
BOTTOM OF THE 16TH
Binghamton Mets batting - Pitching for Hartford Yard Goats : RHP Angelo Ayala
Batting: RHB Dave Conde 0-0: Ball
1-0: Called Strike
1-1: Ground out 6-3 (Groundball, 6, EV 84.4 MPH)
Batting: RHB Tetsuhiro Taki 0-0: Ball
1-0: Ball
2-0: Ground out 4-3 (Groundball, 4, EV 90.6 MPH)
Batting: LHB Mike Pesek 0-0: Called Strike
0-1: Foul Ball, location: 2F
0-2: Strikes out looking
Bottom of the 16th over - 0 runs, 0 hits, 0 errors, 0 left on base; Hartford 4 - Binghamton 4
TOP OF THE 17TH
Hartford Yard Goats batting - Pitching for Binghamton Mets : RHP Alex Sandidge
Batting: LHB Bill McGregor 0-0: Ball
1-0: Ball
2-0: Swinging Strike
2-1: Foul Ball, location: 2F
2-2: Ball
3-2: Strikes out looking
Batting: RHB Bryce Hickman 0-0: Ball
1-0: Ball
2-0: Fly out, F6 (Line Drive, 6, EV 70.6 MPH)
Batting: LHB Brian Levensailor 0-0: Ball
1-0: Called Strike
1-1: Called Strike
1-2: SINGLE (Line Drive, 8LS, EV 98.8 MPH)
Batting: LHB Zane Kelton 0-0: Called Strike
Brian Levensailor steals 2nd base
0-1: Ball
1-1: Ball
2-1: 2-RUN HOME RUN (Flyball, 8LXD, EV 111.2 MPH), Distance : 414 ft
Batting: RHB Guillermo Veronese 0-0: Ball
1-0: Ball
2-0: Called Strike
2-1: Fly out, F7 (Flyball, 7LD, EV 88.1 MPH)
Top of the 17th over - 2 runs, 2 hits, 0 errors, 0 left on base; Hartford 6 - Binghamton 4
BOTTOM OF THE 17TH
Binghamton Mets batting - Pitching for Hartford Yard Goats : RHP Angelo Ayala
Batting: LHB Adam Barry 0-0: Called Strike
0-1: Ground out 6-3 (Groundball, 6, EV 76.2 MPH)
Batting: RHB Bobby Mabrey 0-0: Swinging Strike
0-1: Ball
1-1: Swinging Strike
1-2: Ball
2-2: Strikes out swinging
Pitching: RHP Diego Arredondo
Batting: LHB Mike Condon 0-0: Ground out 5-3 (Groundball, 56, EV 83.8 MPH)
Bottom of the 17th over - 0 runs, 0 hits, 0 errors, 0 left on base; Hartford 6 - Binghamton 4
Wednesday, June 22nd , 2022 - OOTP Baseball 23.4 Build 64